 Dungeon Crawl Stone Soup version 0.31-a0-496-g6f97920a28 (webtiles) character file.

Game seed: 3235729871887178111

609 Midn8 the Shooter (level 7, -4/41 HPs)
             Began as a Deep Elf Hexslinger on Aug 9, 2023.
             Was a Follower of Fedhas.
             Shot with an arrow by a centaur (8 damage)
             ... on level 5 of the Dungeon.
             The game lasted 00:13:00 (3654 turns).

Midn8 the Shooter (Deep Elf Hexslinger)             Turns: 3654, Time: 00:13:01

Health: -4/41      AC:  4    Str:  5    XL:     7   Next: 19%
Magic:  12/12      EV: 15    Int: 18    God:    Fedhas [*.....]
Gold:   283        SH:  0    Dex: 19    Spells: 6/10 levels left

rFire   . . .        a - +1 sling
rCold   . . .        (no shield)
rNeg    . . .        c - +0 robe
rPois   .            (no helmet)
rElec   .            s - scarf {repulsion}
rCorr   .            m - +0 pair of gloves
SInv    .            g - +0 pair of boots
Will    .....        (no amulet)
Stlth   ++           e - ring of wizardry
HPRegen 0.26/turn    o - ring of flight
MPRegen 0.13/turn

%: repel missiles, wizardry (x1)
@: flying
A: no striking features
a: Renounce Religion


You were on level 5 of the Dungeon.
You worshipped Fedhas.
Fedhas was aware of your devotion.
You visited 2 branches of the dungeon, and saw 6 of its levels.
You also visited: Ossuary.

You collected 283 gold pieces.

Inventory:

Hand Weapons
 a - a +1 sling (weapon)
Missiles
 f - 6 atropa-tipped darts
Armour
 c - a +0 robe (worn)
 g - a +0 pair of boots (worn)
 m - a +0 pair of gloves (worn)
 s - a scarf of repulsion (worn)
Jewellery
 e - a ring of wizardry (left hand)
 o - a ring of flight (right hand)
 q - a +6 ring of strength
Wands
 n - a wand of flame (26)
Scrolls
 b - a scroll of poison
 d - 3 scrolls of teleportation
 l - a scroll of vulnerability {unknown}
 p - 3 scrolls of revelation
 r - a scroll of blinking {unknown}
 t - a scroll of fog {unknown}
 u - a scroll of noise {unknown}
Potions
 h - a potion of mutation
 i - a potion of berserk rage
 j - a potion of resistance
 k - 2 potions of heal wounds


   Skills:
 - Level 3.0 Fighting
 - Level 6.0 Ranged Weapons
 - Level 4.9 Dodging
 - Level 2.0 Spellcasting
 - Level 6.0 Hexes
 - Level 2.0 Fire Magic
 + Level 0.0 Invocations


You had 6 spell levels left.
You knew the following spells:

 Your Spells              Type           Power      Damage    Failure   Level
a - Slow                  Hex            92%        N/A       1%          1
f - Inner Flame           Hex/Fire       16%        N/A       4%          3

Your spell library contained the following spells:

 Spells                   Type           Power      Damage    Failure   Level
 Confusing Touch          Hex            23%        N/A       1%          3
 Portal Projectile        Hex/Tloc       24%        N/A       6%          3
 Cause Fear               Hex            11%        N/A       6%          4
 Ozocubu's Armour         Ice            1%         N/A       21%         3
 Vampiric Draining        Necr           1%         2d6       21%         3
 Malign Gateway           Summ/Tloc      0%         N/A       100%        7
 Ozocubu's Refrigeration  Ice            0%         4d7       100%        7
 Summon Horrible Things   Summ           0%         N/A       100%        8


Dungeon Overview and Level Annotations

Branches:
Dungeon (5/15)             Temple (1/1) D:4         Ossuary (visited)

Altars:
Ashenzari
Dithmenos
Elyvilon
Fedhas
Gozag
Hepliaklqana
Makhleb
Nemelex Xobeh
Qazlal
Ru
Sif Muna
Trog
Vehumet
Wu Jian
Xom
Zin
The Shining One

Annotations:
D:2 1 runed translucent door, Crazy Yiuf
D:4 Blork the orc


Message History

The centaur shoots an arrow.
The arrow hits you!
You are too injured to fight recklessly!
Fire: a) +1 sling
Press: ? - help, Q - select action, (/) - cycle Shift-Dir - straight line, f/p - centaur
Aim: a centaur, wielding a +0 orcbow (moderately wounded, 74% to hit)
You shoot a sling bullet.
The sling bullet completely misses the centaur.
The centaur shoots an arrow.
The arrow closely misses you.
Fire: a) +1 sling
Press: ? - help, Q - select action, (/) - cycle Shift-Dir - straight line, f/p - centaur
Aim: a centaur, wielding a +0 orcbow (moderately wounded, 74% to hit)
You shoot a sling bullet. The sling bullet hits the centaur.
The centaur is moderately wounded.
The centaur shoots an arrow.
The arrow barely misses you.
The centaur shoots an arrow.
The arrow misses you.
Fire: a) +1 sling
Press: ? - help, Q - select action, (/) - cycle Shift-Dir - straight line, f/p - centaur
Aim: a centaur, wielding a +0 orcbow (moderately wounded, 74% to hit)
You shoot a sling bullet. The sling bullet hits the centaur.
The centaur is heavily wounded.
An adder comes into view.
The centaur shoots an arrow.
The arrow hits you!
* * * LOW HITPOINT WARNING * * *
Aiming: Throw Flame
Press: ? - help, Shift-Dir - straight line, f/p - centaur
Aim: a centaur, wielding a +0 orcbow (heavily wounded, 81% to hit)
The puff of flame hits the centaur.
The centaur is severely wounded.
The adder hisses angrily.
The centaur shoots an arrow.
The arrow closely misses you.
The centaur shoots an arrow.
The arrow closely misses you.
You hear an angry hiss.
Fire: a) +1 sling
Press: ? - help, Q - select action, (/) - cycle Shift-Dir - straight line, f/p - centaur
Aim: a centaur, wielding a +0 orcbow (severely wounded, 74% to hit)
You shoot a sling bullet. The sling bullet hits the centaur.
The centaur is severely wounded.
The centaur shoots an arrow.
The arrow hits you!
You die...
Fedhas appreciates your contribution to the ecosystem.

............##..#...#...#
.c.............##...#.>.#
..............###...#...#
..............# ##### ###
.S......S.....###...#...#
.#######c#..>..##.>.#.>.#
##### #.#.###.##...#
#...# #.#.# #..'####
#.#.###@#.# #####
#.#.....#.# #.#.#####.#
#.#.# #.# #.#######.#
#.........# ###########


You could see a centaur and an adder.

Vanquished Creatures
  A black bear (D:4)
  2 phantoms
  A howler monkey (D:5)
  3 hounds
  2 iguanas
  2 mummies (Ossuary)
  3 gnolls (D:4)
  5 adders
  A white imp (D:5)
  A worm (D:3)
  A dart slug (D:5)
  11 orcs
  9 ball pythons
  8 endoplasms
  5 giant cockroaches
  2 goblins
  9 hobgoblins
  2 jackals (D:4)
  2 quokkas
  A bat (D:3)
  4 frilled lizards
  4 kobolds
  5 rats
84 creatures vanquished.

Vanquished Creatures (others)
  A wizard (D:3)
1 creature vanquished.

Grand Total: 85 creatures vanquished

Notes
Turn   | Place    | Note
-------+----------+-------------------------------------------
     0 | D:1      | Midn8 the Deep Elf Hexslinger began the quest for the Orb.
     0 | D:1      | Reached XP level 1. HP: 11/11 MP: 5/5
   182 | D:1      | Reached XP level 2. HP: 16/16 MP: 6/6
   724 | D:2      | Found a faded altar of an unknown god.
  1317 | D:2      | Reached XP level 3. HP: 20/20 MP: 7/7
  1483 | D:2      | Found a runed translucent door.
  1484 | D:2      | Noticed Crazy Yiuf
  1563 | D:3      | Reached skill level 5 in Ranged Weapons
  1720 | D:3      | Reached XP level 4. HP: 24/24 MP: 8/8
  1755 | D:3      | Found a bloodstained altar of Trog.
  1756 | D:3      | Noticed a wizard
  1762 | D:3      | Killed a wizard
  1969 | D:3      | Reached skill level 1 in Fighting
  2221 | D:4      | Found a staircase to the Ecumenical Temple.
  2246 | D:4      | Noticed a black bear
  2259 | D:4      | Learned a level 3 spell: Inner Flame
  2286 | Temple   | Entered the Ecumenical Temple
  2290 | Temple   | Became a worshipper of Fedhas Madash
  2318 | D:4      | Noticed Blork the orc
  2473 | D:4      | Found a sparkling altar of Nemelex Xobeh.
  2562 | D:4      | Reached XP level 5. HP: 31/31 MP: 9/9
  2948 | D:5      | Entered Level 5 of the Dungeon
  2948 | D:5      | Noticed a phantom
  2960 | D:4      | Reached skill level 1 in Fire Magic
  3126 | D:4      | Reached * piety under Fedhas
  3181 | D:4      | Killed a black bear
  3182 | D:4      | Reached skill level 5 in Hexes
  3182 | D:4      | Reached XP level 6. HP: 37/37 MP: 4/11
  3460 | D:5      | Reached XP level 7. HP: 41/41 MP: 12/12
  3485 | D:5      | Found a glowing golden altar of the Shining One.
  3509 | D:5      | Found a sand-covered staircase.
  3513 | Ossuary  | Entered an ossuary
  3654 | D:5      | Shot with an arrow by a centaur

Illustrated notes

Levels and vault maps discovered:
D:1:      minmay_arrival_plants_in_alcoves, layout_loops_ring, minmay_quantized
D:2:      layout_loops_ring, serial_forest, infiniplex_forest_clump_double,
          infiniplex_forest_clump_small, infiniplex_forest_lined_room_2,
          infiniplex_forest_lined_ring, infiniplex_forest_straight_4,
          infiniplex_forest_lined_2, infiniplex_forest_end_2,
          infiniplex_forest_lined_4_way,
          shapermc_ecumenical_altar_starsandcircs,
          nicolae_twisty_statue_hallways, uniq_crazy_yiuf_cottage
D:3:      layout_rooms, trog_wizard, chequers_decorated_corner
D:4:      layout_basic, nemelex_diamond_rough_becter, temple_hall, serial_glass,
          glass_columns_c, glass_columns_b, nicolae_grassy_gnolls,
          uniq_blork_the_orc
D:5:      layout_basic, tso_oasis_becter, nicolae_ossuary_entry_false_entrances
Temple:   zaba_magenta_temple

Skill      XL: |  1  2  3  4  5  6 |
---------------+-------------------+-----
Ranged Weapons | 3 4 5 6 |  6.0
Fighting       | 2 3 |  3.0
Spellcasting   | 2 |  2.0
Fire Magic     | 2 |  2.0
Hexes          | 5 6 |  6.0
Dodging        | 4 |  4.9

Action                     |  1- 3 |  4- 6 |  7- 9 || total
---------------------------+-------+-------+-------++-------
   Fire: Sling             |    99 |   186 |    25 ||   310
   Cast: Slow              |     3 |    13 |     1 ||    17
         Inner Flame       |       |     4 |     1 ||     5
  Evoke: Wand              |       |       |     1 ||     1
    Use: Scroll            |       |     6 |       ||     6
         Potion            |       |     2 |       ||     2
 Armour: Robe              |     4 |    17 |     1 ||    22
  Dodge: Dodged            |    10 |    53 |    19 ||    82

Table legend: (Time is in decaauts)
 A = Elapsed time spent in this place.
 B = Non-inter-level travel time spent in this place.
 C = Inter-level travel time spent in this place.
 D = Time resting spent in this place.
 E = Time spent auto-exploring this place.
 F = Levels seen in this place.
 G = Mean time per level.
                   A        B        C        D        E       F      G
               +--------+--------+--------+--------+--------+-----+--------+
         Total |   3694 |   3430 |    264 |    437 |   1956 |   7 |  527.7 |
       Dungeon |   3659 |   3401 |    258 |    437 |   1956 |   5 |  731.8 |
        Temple |      8 |      2 |      6 |      0 |      0 |   1 |    8.0 |
       Ossuary |     25 |     25 |      0 |      0 |      0 |   1 |   25.0 |
               +--------+--------+--------+--------+--------+-----+--------+

Top non-repeatable levels by time:
     D:4: 1001 daAuts
     D:2: 843 daAuts
     D:3: 803 daAuts
     D:1: 697 daAuts
     D:5: 314 daAuts
 Ossuary: 25 daAuts
  Temple: 8 daAuts
